 Dungeon Crawl Stone Soup version 0.31-a0-1620-gcbf77bbcfc (console) character file.

Game seed: 13539374933760716715

12347 jejorda2 the Cleaver (level 11, 0/135 HPs)
             Began as a Gnoll Berserker on Jan 11, 2024.
             Was an Elder of Trog.
             Slain by a blink frog (6 damage)
             ... on level 3 of the Lair of Beasts.
             The game lasted 00:25:41 (11256 turns).

jejorda2 the Cleaver (Gnoll Berserker)             Turns: 11256, Time: 00:25:43

Health: 0/135      AC: 19    Str: 22    XL:     11   Next: 91%
Magic:  21/21      EV: 11    Int:  6    God:    Trog [****..]
Gold:   523        SH:  0    Dex: 11    Spells: 24/24 levels left

rFire   . . .        a - +1 war axe (heavy)
rCold   . . .        (no shield)
rNeg    + . .        d - +4 chain mail
rPois   +            (no helmet)
rElec   .            v - +2 cloak
rCorr   .            (no gloves)
SInv    .            D - +0 pair of boots
Will    .....        m - amulet of the acrobat Stlth
                     o - ring of poison resistance
HPRegen 0.42/turn    y - ring of positive energy
MPRegen 0.17/turn

%: acrobat
@: berserking (expiring), studying Ranged Weapons, very quick
A: fangs 1, strong nose, distributed training
a: Renounce Religion, Berserk, Trog's Hand, Brothers in Arms


You were on level 3 of the Lair of Beasts.
You worshipped Trog.
Trog was greatly pleased with you.
You visited 2 branches of the dungeon, and saw 13 of its levels.

You collected 803 gold pieces.
You spent 280 gold pieces at shops.

Inventory:

Hand Weapons
 a - a +1 heavy war axe (weapon)
 b - a +0 morningstar
Missiles
 e - a curare-tipped dart
 g - 6 boomerangs
 h - 7 javelins
 w - 22 poisoned darts (quivered)
 C - 2 throwing nets
Armour
 d - a +4 chain mail (worn)
 v - a +2 cloak (worn)
 D - a +0 pair of boots (worn)
Jewellery
 c - a ring of ice
 m - an amulet of the acrobat (around neck)
 o - a ring of poison resistance (left hand)
 y - a ring of positive energy (right hand)
Wands
 n - a wand of iceblast (10)
 u - a wand of paralysis (2)
 B - a wand of flame (41)
Scrolls
 p - 8 scrolls of teleportation
 q - 3 scrolls of poison
 r - 2 scrolls of blinking
 s - 2 scrolls of revelation
 t - a scroll of enchant weapon
 E - a scroll of noise {unknown}
 G - a scroll of immolation {unknown}
 H - a scroll of fog
 I - a scroll of vulnerability {unknown}
 J - a scroll of enchant armour
Potions
 f - 4 potions of haste
 i - 5 potions of lignification
 j - a potion of resistance
 k - 4 potions of mutation
 l - 9 potions of curing
 x - 4 potions of attraction
 z - a potion of heal wounds
 A - a potion of enlightenment
 F - a potion of cancellation


   Skills:
 + Level 9.7 Fighting
 + Level 7.0 Short Blades
 + Level 7.0 Long Blades
 + Level 9.7 Axes
 + Level 7.0 Maces & Flails
 + Level 7.0 Polearms
 + Level 7.0 Staves
 + Level 8.3 Ranged Weapons
 + Level 7.0 Throwing
 + Level 8.4 Armour
 + Level 8.4 Dodging
 + Level 7.0 Stealth
 + Level 7.0 Shields
 + Level 7.0 Unarmed Combat
 + Level 7.0 Spellcasting
 + Level 5.8 Conjurations
 + Level 5.8 Hexes
 + Level 5.8 Summonings
 + Level 5.8 Necromancy
 + Level 5.8 Translocations
 + Level 5.8 Fire Magic
 + Level 5.8 Ice Magic
 + Level 5.8 Air Magic
 + Level 5.8 Earth Magic
 + Level 5.8 Alchemy
 + Level 7.7 Invocations
 + Level 7.0 Evocations
 + Level 6.3 Shapeshifting


You had 24 spell levels left.
You didn't know any spells.
Your spell library was empty.

Dungeon Overview and Level Annotations

Branches:
Dungeon (10/15)            Temple (0/1) D:4            Lair (3/5) D:9
 Shoals (0/4) Lair:2        Snake (0/4) Lair:2          Orc (0/2) D:9

Altars:
Cheibriados
Elyvilon
Fedhas
Hepliaklqana
Kikubaaqudgha
Makhleb
Okawaru
Ru
Trog
Vehumet
Wu Jian
Yredelemnul
Zin
The Shining One

Shops:
D:7 *   D:8 =   D:9 :


Innate Abilities, Weirdness & Mutations

You have very sharp teeth.
Your uncanny sense of smell can sniff out nearby items.
Your experience applies equally to all skills.


Message History

You slice the blink frog!!
You kill the blink frog!
Trog accepts your kill.
The blink frog hits you but does no damage.
The blink frog blinks!
The blink frog hits you but does no damage.
The blink frog hits you!
* * * LOW HITPOINT WARNING * * *
The blink frog blinks! x2
You miss the blink frog. You barely miss the blink frog.
The blink frog barely misses you. The blink frog hits you!
* * * LOW HITPOINT WARNING * * *
You miss the blink frog. Your bite misses the blink frog.
You slash the blink frog!
The blink frog blinks!
The blink frog hits you but does no damage.
The blink frog blinks! x2
The blink frog hits you but does no damage.
You slash the blink frog!
The blink frog is moderately wounded.
You closely miss the blink frog.
The blink frog blinks! x2
The blink frog hits you.
* * * LOW HITPOINT WARNING * * *
You miss the blink frog.
The blink frog is moderately wounded.
The blink frog blinks!
The blink frog barely misses you.
The blink frog blinks!
The blink frog barely misses you.
The blink frog hits you but does no damage.
You slice the blink frog!!
The blink frog is severely wounded.
You slash the blink frog! You miss the blink frog.
The blink frog closely misses you.
The blink frog blinks!
The blink frog hits you but does no damage. x2
You barely miss the blink frog. You bite the blink frog.
The blink frog is severely wounded.
You barely miss the blink frog. You slice the blink frog!!
You kill the blink frog!
Trog accepts your kill.
The blink frog closely misses you. x2; The blink frog blinks!
The blink frog hits you.
You die...

........#.###........
.......##..
#......... ...P##.#
#......... ..P
#..P##.........
..##..........§...
..................
..................
.........F††.>..§.
.........F@F......
.............§..F.
...#..............
................##
................#
..#...........#..
..........$.. .
#...........#.


You could see 4 blink frogs.

Vanquished Creatures
  Fannar (Lair:1)
  A boulder beetle (Lair:2)
  A merfolk siren (Lair:2)
  An elephant (D:9)
  5 cane toads
  A komodo dragon (Lair:2)
  3 polar bears
  6 blink frogs
  4 slime creatures (D:7)
  Sigmund (D:3)
  5 yaks (D:9)
  A basilisk (Lair:1)
  An acid dragon (D:9)
  9 water moccasins
  2 sky beasts (D:7)
  An ice beast (D:5)
  3 black bears
  3 orc warriors
  3 wolves (Lair:2)
  8 centaurs
  2 kobold brigands (D:8)
  A phantom (D:7)
  9 bullfrogs
  A scorpion (D:6)
  6 killer bees (D:8)
  3 howler monkeys
  2 bombardier beetles
  3 gnoll boudas
  2 orc priests
  6 hounds
  2 jellies (D:5)
  4 iguanas
  A sleepcap (D:8)
  Natasha (thrice) (D:3)
  11 orc wizards
  8 gnolls
  7 adders
  2 white imps
  5 dart slugs
  16 orcs
  5 endoplasms
  2 giant cockroaches
  6 goblins
  9 hobgoblins
  9 jackals
  6 quokkas
  5 ball pythons
  7 bats
  3 frilled lizards
  19 kobolds
  7 rats
232 creatures vanquished.

Vanquished Creatures (collateral kills)
  A wyvern (D:9)
  A basilisk (D:9)
  A black bear (D:9)
3 creatures vanquished.

Grand Total: 235 creatures vanquished

Notes
Turn   | Place    | Note
-------+----------+-------------------------------------------
     0 | D:1      | jejorda2 the Gnoll Berserker began the quest for the Orb.
     0 | D:1      | Reached XP level 1. HP: 23/23 MP: 1/1
   138 | D:1      | Reached XP level 2. HP: 20/29 MP: 2/2
   665 | D:1      | Reached XP level 3. HP: 35/35 MP: 3/3
  1123 | D:2      | Reached skill level 1 in Invocations
  1205 | D:2      | Reached skill level 1 in Short Blades
  1205 | D:2      | Reached skill level 1 in Long Blades
  1205 | D:2      | Reached skill level 1 in Maces & Flails
  1205 | D:2      | Reached skill level 1 in Polearms
  1205 | D:2      | Reached skill level 1 in Staves
  1205 | D:2      | Reached skill level 1 in Ranged Weapons
  1205 | D:2      | Reached skill level 1 in Throwing
  1205 | D:2      | Reached skill level 1 in Stealth
  1205 | D:2      | Reached skill level 1 in Shields
  1205 | D:2      | Reached skill level 1 in Unarmed Combat
  1205 | D:2      | Reached skill level 1 in Spellcasting
  1205 | D:2      | Reached skill level 1 in Evocations
  1228 | D:2      | Reached ** piety under Trog
  1385 | D:2      | Reached skill level 1 in Shapeshifting
  1385 | D:2      | Reached XP level 4. HP: 41/41 MP: 5/5
  1612 | D:2      | Reached skill level 1 in Conjurations
  1612 | D:2      | Reached skill level 1 in Hexes
  1612 | D:2      | Reached skill level 1 in Summonings
  1612 | D:2      | Reached skill level 1 in Necromancy
  1612 | D:2      | Reached skill level 1 in Translocations
  1612 | D:2      | Reached skill level 1 in Fire Magic
  1612 | D:2      | Reached skill level 1 in Ice Magic
  1612 | D:2      | Reached skill level 1 in Air Magic
  1612 | D:2      | Reached skill level 1 in Earth Magic
  1612 | D:2      | Reached skill level 1 in Alchemy
  1801 | D:3      | Found a snail-covered altar of Cheibriados.
  1877 | D:3      | Found a sacrificial altar of Ru.
  1877 | D:3      | Found a blossoming altar of Fedhas.
  2294 | D:3      | Noticed Sigmund
  2302 | D:3      | Killed Sigmund
  2303 | D:3      | Reached skill level 5 in Armour
  2303 | D:3      | Reached skill level 5 in Dodging
  2303 | D:3      | Reached XP level 5. HP: 47/47 MP: 5/7
  2303 | D:3      | Reached XP level 6. HP: 53/53 MP: 5/8
  2369 | D:3      | Noticed Natasha
  2372 | D:3      | Killed Natasha
  2499 | D:3      | Noticed Natasha
  2509 | D:3      | Killed Natasha
  2647 | D:3      | Noticed Natasha
  2657 | D:3      | Killed Natasha
  2888 | D:4      | Reached XP level 7. HP: 32/59 MP: 10/10
  3281 | D:4      | Found a staircase to the Ecumenical Temple.
  3374 | D:5      | Entered Level 5 of the Dungeon
  3394 | D:5      | Reached *** piety under Trog
  3644 | D:5      | Reached XP level 8. HP: 52/67 MP: 12/12
  4912 | D:6      | Found an iron altar of Okawaru.
  5483 | D:7      | Reached XP level 9. HP: 52/73 MP: 13/15
  5653 | D:7      | Found Nuusaef's Assorted Antiques.
  5871 | D:7      | Reached skill level 5 in Invocations
  6001 | D:7      | You fall into a shaft and drop 1 floor!
  6009 | D:8      | Found Kisaec's Jewellery Shoppe.
  6019 | D:8      | Bought a ring of poison resistance for 280 gold pieces
  6073 | D:8      | Reached **** piety under Trog
  6648 | D:8      | Found a radiant altar of Vehumet.
  6659 | D:8      | Reached skill level 5 in Short Blades
  6659 | D:8      | Reached skill level 5 in Long Blades
  6659 | D:8      | Reached skill level 5 in Maces & Flails
  6659 | D:8      | Reached skill level 5 in Polearms
  6659 | D:8      | Reached skill level 5 in Staves
  6659 | D:8      | Reached skill level 5 in Ranged Weapons
  6659 | D:8      | Reached skill level 5 in Throwing
  6659 | D:8      | Reached skill level 5 in Stealth
  6659 | D:8      | Reached skill level 5 in Shields
  6659 | D:8      | Reached skill level 5 in Unarmed Combat
  6659 | D:8      | Reached skill level 5 in Spellcasting
  6659 | D:8      | Reached skill level 5 in Evocations
  6659 | D:8      | Reached XP level 10. HP: 70/81 MP: 17/17
  6772 | D:8      | Found a burning altar of Makhleb.
  6773 | D:8      | Found an ornate altar of the Wu Jian Council.
  6773 | D:8      | Found a basalt altar of Yredelemnul.
  6776 | D:8      | Found a hazy altar of Hepliaklqana.
  6777 | D:8      | Found an ancient bone altar of Kikubaaqudgha.
  6778 | D:8      | Found a bloodstained altar of Trog.
  6964 | D:9      | Noticed an elephant
  6968 | D:9      | Found a staircase to the Lair.
  6973 | D:9      | Killed an elephant
  7046 | D:9      | Found Aklig's Book Boutique.
  7068 | D:9      | Found a staircase to the Orcish Mines.
  7495 | D:9      | Found a white marble altar of Elyvilon.
  7498 | D:9      | Found a glowing golden altar of the Shining One.
  7498 | D:9      | Found a glowing silver altar of Zin.
  7504 | D:9      | Reached skill level 5 in Shapeshifting
  8185 | D:10     | Entered Level 10 of the Dungeon
  8233 | Lair:1   | Entered Level 1 of the Lair of Beasts
  8364 | Lair:1   | Noticed a cane toad
  8373 | Lair:1   | Killed a cane toad
  8374 | Lair:1   | Noticed Fannar
  8385 | Lair:1   | Killed Fannar
  8386 | Lair:1   | Reached skill level 5 in Conjurations
  8386 | Lair:1   | Reached skill level 5 in Hexes
  8386 | Lair:1   | Reached skill level 5 in Summonings
  8386 | Lair:1   | Reached skill level 5 in Necromancy
  8386 | Lair:1   | Reached skill level 5 in Translocations
  8386 | Lair:1   | Reached skill level 5 in Fire Magic
  8386 | Lair:1   | Reached skill level 5 in Ice Magic
  8386 | Lair:1   | Reached skill level 5 in Air Magic
  8386 | Lair:1   | Reached skill level 5 in Earth Magic
  8386 | Lair:1   | Reached skill level 5 in Alchemy
  8386 | Lair:1   | Reached XP level 11. HP: 89/89 MP: 20/20
  9679 | Lair:2   | Noticed a boulder beetle
  9690 | Lair:2   | Killed a boulder beetle
 10053 | Lair:2   | Found a staircase to the Shoals.
 10420 | Lair:2   | Found a staircase to the Snake Pit.
 11253 | Lair:3   | HP: 5/135 [blink frog (5)]
 11256 | Lair:3   | Slain by a blink frog

Illustrated notes

Levels and vault maps discovered:
D:1:      denvon_arrival_waterhouse, layout_basic,
          nicolae_concentric_dashed_squares_wild
D:2:      layout_basic, minmay_tromino_i4
D:3:      layout_basic, mainiacjoe_overflow_chevrons, jmf_multi_god_temple,
          kennysheep_another_room, dk_noncrumbling_2, minivault_27,
          dreamdust_mushroom_princess, uniq_natasha, uniq_sigmund
D:4:      layout_rooms, temple_doors_e, nicolae_zig_zag_zippers
D:5:      layout_cave_pods, minmay_diced_spiral
D:6:      layout_loops_ring, amcnicky_altar_gilded, minmay_fractal_squares_5
D:7:      layout_cave_pools, serial_shops, nicolae_shop_advertising_works
          [nicolae_subvault_shop_adworks], minmay_strange_pillars
D:8:      layout_loops_cross, minitemple, serial_shops, nicolae_shop_waterfront
D:9:      layout_grid_maze, dreamdust_divine_triumvirate, david_lair_generic,
          serial_shops, shop
D:10:     layout_basic, kennysheep_small_square, uniq_maggie
Lair:1:   layout_chaotic_city, uniq_fannar
Lair:2:   layout_layer_cave, minmay_shoals_entry_lonely_mermaid,
          dummy_snake_entry
Lair:3:   layout_gridlike, grunt_megastairs_2

Skill      XL: |  1  2  3  4  5  6  7  8  9 10 11 |
---------------+----------------------------------+-----
Invocations    | 1 2 3 4 5 6 7 |  7.7
Short Blades   | 1 2 3 4 5 6 7 |  7.0
Long Blades    | 1 2 3 4 5 6 7 |  7.0
Maces & Flails | 1 2 3 4 5 6 7 |  7.0
Polearms       | 1 2 3 4 5 6 7 |  7.0
Staves         | 1 2 3 4 5 6 7 |  7.0
Ranged Weapons | 1 2 3 4 5 6 8 |  8.3
Throwing       | 1 2 3 4 5 6 7 |  7.0
Stealth        | 1 2 3 4 5 6 7 |  7.0
Shields        | 1 2 3 4 5 6 7 |  7.0
Unarmed Combat | 1 2 3 4 5 6 7 |  7.0
Spellcasting   | 1 2 3 4 5 6 7 |  7.0
Evocations     | 1 2 3 4 5 6 7 |  7.0
Shapeshifting  | 1 2 3 4 5 6 |  6.3
Conjurations   | 1 2 3 4 5 |  5.8
Hexes          | 1 2 3 4 5 |  5.8
Summonings     | 1 2 3 4 5 |  5.8
Necromancy     | 1 2 3 4 5 |  5.8
Translocations | 1 2 3 4 5 |  5.8
Fire Magic     | 1 2 3 4 5 |  5.8
Ice Magic      | 1 2 3 4 5 |  5.8
Air Magic      | 1 2 3 4 5 |  5.8
Earth Magic    | 1 2 3 4 5 |  5.8
Alchemy        | 1 2 3 4 5 |  5.8
Armour         | 5 6 7 8 |  8.4
Dodging        | 5 6 7 8 |  8.4
Fighting       | 7 8 9 |  9.7
Axes           | 7 8 9 |  9.7

Action                     |  1- 3 |  4- 6 |  7- 9 | 10-12 || total
---------------------------+-------+-------+-------+-------++-------
  Melee: Hand axe          |   126 |    73 |       |       ||   199
         Bite              |    17 |     9 |    18 |    16 ||    60
         Punch             |       |     2 |     1 |     7 ||    10
         Halberd           |       |    34 |   126 |       ||   160
         War axe           |       |       |    86 |   237 ||   323
  Throw: Dart              |       |       |     2 |    14 ||    16
 Invoke: Berserk           |       |     1 |     3 |     6 ||    10
         Trog's Hand       |       |     1 |     1 |     7 ||     9
         Brothers in Arms  |       |       |       |     1 ||     1
  Evoke: Wand              |       |       |       |     1 ||     1
    Use: Scroll            |       |       |    22 |     2 ||    24
   Stab: Sleeping          |       |     1 |     1 |       ||     2
         Paralysed         |       |       |       |     2 ||     2
 Armour: Animal skin       |    12 |       |       |       ||    12
         Ring mail         |    28 |    37 |    19 |       ||    84
         Leather armour    |     7 |       |       |       ||     7
         Scale mail        |       |       |    99 |       ||    99
         Chain mail        |       |       |    84 |   350 ||   434
  Dodge: Dodged            |   106 |    78 |   184 |   210 ||   578

Table legend: (Time is in decaauts)
 A = Elapsed time spent in this place.
 B = Non-inter-level travel time spent in this place.
 C = Inter-level travel time spent in this place.
 D = Time resting spent in this place.
 E = Time spent auto-exploring this place.
 F = Levels seen in this place.
 G = Mean time per level.
                   A        B        C        D        E       F      G
               +--------+--------+--------+--------+--------+-----+--------+
         Total |  11571 |  11021 |    550 |   1006 |   8002 |  13 |  890.1 |
       Dungeon |   8786 |   8358 |    428 |    764 |   5938 |  10 |  878.6 |
          Lair |   2784 |   2662 |    122 |    242 |   2064 |   3 |  928.0 |
               +--------+--------+--------+--------+--------+-----+--------+

Top non-repeatable levels by time:
  Lair:2: 1453 daAuts
     D:9: 1370 daAuts
  Lair:1: 1274 daAuts
     D:5: 1235 daAuts
     D:8: 1050 daAuts
     D:1: 1048 daAuts
     D:3: 944 daAuts
     D:6: 905 daAuts
     D:7: 782 daAuts
     D:2: 735 daAuts
     D:4: 686 daAuts
  Lair:3: 57 daAuts
    D:10: 28 daAuts
